[ AOE2 MATCH · #476982004 ]
UnrankedBritons vs Persians
[ REPLAY ANALYSIS · EXTRACTED FROM THE RECORDED GAME ]
Feudal
12:40
Castle
23:46
Imperial
45:06
| APM avg | 12.2 |
| APM peak | 33 |
| eAPM avg | 7.4 |
| Villagers / military | 104 / 154 |
Focus
⚔️ 31.4% · 🌾 68.6%
Archer ×83 · Skirmisher ×60 · Trebuchet (Packed) ×10 · Trade Cart ×5 · Monk ×1
Feudal
10:50
Castle
20:17
Imperial
35:24
| APM avg | 25.4 |
| APM peak | 46 |
| eAPM avg | 15.3 |
| Villagers / military | 146 / 198 |
Focus
⚔️ 32.5% · 🌾 67.5%
Spearman ×69 · War Elephant ×57 · Camel Scout ×28 · Scout Cavalry ×19 · Fishing Ship ×16 · Bombard Cannon ×11
Feudal
—
Castle
—
Imperial
—
| APM avg | 20.1 |
| APM peak | 53 |
| eAPM avg | 13.2 |
| Villagers / military | 104 / 236 |
Focus
⚔️ 48.3% · 🌾 51.7%
Tarkan ×98 · Spearman ×91 · Scout Cavalry ×19 · Trade Cart ×14 · Monk ×11 · Militia ×11
Feudal
12:17
Castle
21:12
Imperial
38:55
| APM avg | 22.4 |
| APM peak | 55 |
| eAPM avg | 12.3 |
| Villagers / military | 102 / 162 |
Focus
⚔️ 28.1% · 🌾 71.9%
Conquistador ×116 · Knight ×19 · Trade Cart ×17 · Trebuchet (Packed) ×17 · Spearman ×4 · Battering Ram ×4
Feudal
10:17
Castle
23:30
Imperial
35:54
| APM avg | 19.9 |
| APM peak | 70 |
| eAPM avg | 11.7 |
| Villagers / military | 48 / 162 |
Focus
⚔️ 45.7% · 🌾 54.3%
Archer ×90 · Knight ×71 · Trade Cart ×12 · Monk ×1
Feudal
13:39
Castle
26:46
Imperial
43:45
| APM avg | 24.4 |
| APM peak | 79 |
| eAPM avg | 17.6 |
| Villagers / military | 143 / 155 |
Focus
⚔️ 20.2% · 🌾 79.8%
Spearman ×81 · Konnik ×36 · Militia ×31 · Knight ×7 · Trade Cart ×7 · Fishing Ship ×6
Match map
Initial resources + every placement click. Lines = walls · curves = elevation contours. ◆ gold · ⬟ stone · ● berries · ✦ relic · ◌ wall gap
Your base· ✓ Closed at 23:46 · 34t walls · no gate
lisandroarce22's base· ✓ Closed at 20:17 · 21t walls · no gate
nicoobosc0's base· ✓ Closed at 23:08 · 6t walls · no gate
еврей's base· ✓ Closed at 21:12 · 13t walls · no gate
mypastselves's base· ✓ Closed at 23:30 · 0t walls · no gate
AfriKing's base· ✓ Closed at 26:46 · 8t walls · no gate
Smoothed initial terrain · ◌ = detected wall gap · hover for details
Inputs per minute
— Windland - - lisandroarce22
Build order — Windland
First 150 of 171 actions detected
| 0:05 | Build | House |
| 0:08 | Build | House |
| 0:11 | Create | Villager (Male) ×4 |
| 1:35 | Build | Palisade Wall |
| 2:00 | Create | Villager (Male) |
| 2:48 | Create | Villager (Male) ×2 |
| 2:57 | Build | Lumber Camp |
| 3:30 | Create | Villager (Male) ×2 |
| 4:48 | Create | Villager (Male) ×2 |
| 5:27 | Build | House |
| 6:22 | Create | Villager (Male) ×3 |
| 7:06 | Create | Villager (Male) |
| 7:17 | Build | House |
| 8:35 | Create | Villager (Male) ×5 |
| 9:01 | Create | Villager (Male) ×3 |
| 9:07 | Build | House |
| 9:29 | Build | Mill |
| 9:34 | Create | Villager (Male) |
| 10:22 | Build | House |
| 10:30 | Research | Feudal Age |
| 11:40 | Create | Villager (Male) ×4 |
| 12:06 | Create | Villager (Male) ×2 |
| 12:40 | Age | Feudal Age |
| 12:51 | Create | Villager (Male) ×2 |
| 13:09 | Build | Blacksmith |
| 13:40 | Build | Mining Camp |
| 14:41 | Research | Double-Bit Axe |
| 15:01 | Build | Market |
| 15:22 | Build | Barracks |
| 15:28 | Research | Horse Collar |
| 16:28 | Build | Mining Camp |
| 16:32 | Create | Villager (Male) ×5 |
| 16:45 | Build | House |
| 16:58 | Build | Dock |
| 18:24 | Build | Farm |
| 18:26 | Build | Farm |
| 18:27 | Build | Farm |
| 18:28 | Build | Farm |
| 18:31 | Build | Farm |
| 18:33 | Build | Farm |
| 18:34 | Build | Farm |
| 18:35 | Build | Farm |
| 19:47 | Build | Stone Wall |
| 20:55 | Build | Lumber Camp |
| 20:58 | Create | Villager (Male) ×5 |
| 21:06 | Research | Castle Age |
| 22:40 | Build | Archery Range |
| 23:42 | Build | Stone Wall |
| 23:46 | Age | Castle Age |
| 23:48 | Build | Stone Wall |
| 24:56 | Build | Mining Camp |
| 25:06 | Create | Villager (Male) ×4 |
| 25:14 | Create | Archer ×5 |
| 25:14 | Create | Archer ×5 |
| 25:46 | Build | Town Center |
| 26:40 | Build | Farm |
| 26:46 | Create | Villager (Male) ×5 |
| 26:50 | Build | Farm |
| 27:27 | Build | Farm |
| 27:47 | Build | Stone Wall |
| 28:04 | Build | Farm |
| 28:22 | Research | Heavy Plow |
| 28:32 | Build | House |
| 28:34 | Build | House |
| 28:41 | Build | House |
| 28:55 | Build | Farm |
| 29:02 | Research | Crossbowman (upgrade) |
| 29:16 | Create | Villager (Male) ×2 |
| 29:17 | Create | Villager (Male) ×2 |
| 29:38 | Build | Town Center |
| 30:31 | Research | Fletching |
| 30:41 | Build | House |
| 30:43 | Build | House |
| 30:45 | Build | House |
| 30:52 | Create | Villager (Male) ×5 |
| 31:41 | Build | House |
| 31:43 | Build | House |
| 31:46 | Build | House |
| 31:47 | Build | House |
| 31:54 | Build | Farm |
| 32:08 | Create | Villager (Male) ×5 |
| 32:22 | Build | University |
| 32:43 | Build | Farm |
| 33:08 | Build | Farm |
| 33:10 | Build | Farm |
| 33:16 | Build | Farm |
| 33:19 | Create | Villager (Male) ×5 |
| 33:26 | Create | Villager (Male) ×2 |
| 33:26 | Create | Villager (Male) ×2 |
| 33:34 | Build | House |
| 33:36 | Build | House |
| 33:37 | Build | House |
| 33:38 | Build | House |
| 33:39 | Build | House |
| 33:40 | Build | House |
| 33:50 | Research | Ballistics |
| 34:07 | Build | Mill |
| 34:15 | Create | Villager (Male) ×5 |
| 34:19 | Build | Farm |
| 34:24 | Build | Farm |
| 34:26 | Build | Farm |
| 34:57 | Research | Fortified Wall (upgrade) |
| 35:11 | Build | Farm |
| 35:12 | Build | Farm |
| 35:15 | Build | Farm |
| 35:28 | Research | Gold Mining |
| 35:48 | Build | Town Center |
| 35:59 | Create | Trade Cart ×5 |
| 36:55 | Build | Castle |
| 36:59 | Create | Villager (Male) ×5 |
| 37:16 | Research | Wheelbarrow |
| 37:16 | Create | Villager (Male) ×5 |
| 37:39 | Build | Monastery |
| 38:01 | Build | Farm |
| 38:06 | Build | Farm |
| 38:10 | Build | Farm |
| 38:13 | Build | Farm |
| 38:27 | Research | Yeomen |
| 38:45 | Research | Hand Cart |
| 38:46 | Create | Villager (Male) ×5 |
| 38:59 | Create | Villager (Male) ×5 |
| 39:45 | Create | Monk |
| 40:05 | Build | Watch Tower |
| 40:57 | Build | Stone Wall |
| 41:14 | Create | Archer ×5 |
| 41:29 | Build | Town Center |
| 41:56 | Research | Imperial Age |
| 42:35 | Build | Watch Tower |
| 42:42 | Research | Guard Tower (upgrade) |
| 43:13 | Create | Villager (Male) ×5 |
| 44:14 | Build | Stone Wall |
| 45:06 | Age | Imperial Age |
| 45:23 | Build | Archery Range |
| 45:25 | Build | Archery Range |
| 45:26 | Build | Archery Range |
| 45:51 | Create | Trebuchet (Packed) ×5 |
| 46:00 | Research | Warwolf |
| 46:28 | Research | Elite Skirmisher (upgrade) |
| 46:31 | Research | Arbalester (upgrade) |
| 47:55 | Create | Trebuchet (Packed) ×5 |
| 48:18 | Create | Skirmisher ×5 |
| 48:24 | Create | Skirmisher ×5 |
| 49:41 | Build | Stone Wall |
| 49:59 | Create | Skirmisher ×5 |
| 49:59 | Create | Skirmisher ×5 |
| 50:08 | Build | Archery Range |
| 51:35 | Create | Archer ×5 |
| 51:35 | Create | Archer ×5 |
| 51:35 | Create | Archer ×5 |
| 51:55 | Build | Stone Wall |
Build order — lisandroarce22
First 150 of 520 actions detected
| 0:02 | Create | Villager (Male) |
| 0:03 | Create | Villager (Male) |
| 0:04 | Build | House |
| 0:06 | Build | House |
| 0:09 | Create | Villager (Male) |
| 0:10 | Create | Villager (Male) |
| 0:10 | Create | Villager (Male) |
| 0:10 | Create | Villager (Male) |
| 1:52 | Create | Villager (Male) |
| 1:52 | Create | Villager (Male) |
| 2:09 | Create | Villager (Male) |
| 2:09 | Create | Villager (Male) |
| 2:10 | Create | Villager (Male) |
| 2:23 | Build | Palisade Wall |
| 2:27 | Create | Villager (Male) |
| 2:28 | Create | Villager (Male) |
| 3:00 | Build | House |
| 3:05 | Create | Villager (Male) |
| 3:06 | Create | Villager (Male) |
| 3:06 | Create | Villager (Male) |
| 3:35 | Build | House |
| 3:40 | Create | Villager (Male) |
| 3:40 | Create | Villager (Male) |
| 4:09 | Build | Lumber Camp |
| 4:19 | Create | Villager (Male) |
| 4:20 | Create | Villager (Male) |
| 4:20 | Create | Villager (Male) |
| 4:43 | Create | Villager (Male) |
| 4:44 | Create | Villager (Male) |
| 4:53 | Build | Mill |
| 5:13 | Create | Villager (Male) |
| 5:14 | Create | Villager (Male) |
| 5:14 | Create | Villager (Male) |
| 5:14 | Create | Villager (Male) |
| 5:41 | Create | Villager (Male) |
| 5:42 | Create | Villager (Male) |
| 5:42 | Create | Villager (Male) |
| 5:59 | Create | Villager (Male) |
| 5:59 | Create | Villager (Male) |
| 5:59 | Create | Villager (Male) |
| 6:40 | Create | Villager (Male) |
| 6:40 | Create | Villager (Male) |
| 7:02 | Build | Dock |
| 7:43 | Create | Villager (Male) |
| 7:43 | Create | Villager (Male) |
| 7:48 | Build | Farm |
| 8:32 | Build | Palisade Wall |
| 8:46 | Research | Feudal Age |
| 9:16 | Build | Palisade Wall |
| 9:31 | Build | House |
| 9:32 | Build | House |
| 9:39 | Create | Fishing Ship |
| 10:15 | Build | Mill |
| 10:22 | Create | Villager (Male) |
| 10:23 | Create | Villager (Male) |
| 10:23 | Create | Villager (Male) |
| 10:50 | Age | Feudal Age |
| 10:52 | Build | House |
| 10:55 | Research | Double-Bit Axe |
| 11:12 | Create | Villager (Male) |
| 11:12 | Create | Villager (Male) |
| 11:32 | Create | Fishing Ship |
| 11:33 | Create | Fishing Ship |
| 11:33 | Create | Fishing Ship |
| 12:31 | Research | Wheelbarrow |
| 12:32 | Create | Villager (Male) |
| 12:32 | Create | Villager (Male) |
| 12:37 | Create | Fishing Ship |
| 13:08 | Build | Stone Wall |
| 13:17 | Create | Fishing Ship |
| 13:17 | Create | Fishing Ship |
| 13:27 | Build | Dock |
| 13:47 | Create | Villager (Male) |
| 13:56 | Research | Tech 906 |
| 14:18 | Build | Fish Trap |
| 14:24 | Build | Fish Trap |
| 14:29 | Build | Fish Trap |
| 14:35 | Build | Fish Trap |
| 14:38 | Create | Fishing Ship |
| 14:38 | Create | Fishing Ship |
| 14:40 | Create | Fishing Ship |
| 15:00 | Build | House |
| 15:09 | Create | Villager (Male) |
| 15:10 | Create | Villager (Male) |
| 15:16 | Build | House |
| 15:26 | Build | Mining Camp |
| 15:42 | Build | Market |
| 15:58 | Build | Blacksmith |
| 16:09 | Build | Mining Camp |
| 16:12 | Create | Villager (Male) |
| 16:13 | Create | Villager (Male) |
| 16:22 | Create | Villager (Male) |
| 16:36 | Build | Market |
| 17:08 | Research | Gold Mining |
| 17:19 | Create | Fishing Ship |
| 17:20 | Create | Fishing Ship |
| 17:51 | Research | Castle Age |
| 18:07 | Build | Fish Trap |
| 18:17 | Build | Fish Trap |
| 18:24 | Build | Fish Trap |
| 18:33 | Build | House |
| 18:33 | Build | House |
| 18:33 | Build | House |
| 18:34 | Build | House |
| 18:34 | Build | House |
| 18:34 | Build | House |
| 18:34 | Build | House |
| 18:36 | Build | House |
| 18:36 | Build | House |
| 18:37 | Build | House |
| 18:37 | Build | House |
| 18:37 | Build | House |
| 18:38 | Build | House |
| 18:53 | Research | Stone Mining |
| 19:04 | Create | Fishing Ship |
| 19:04 | Create | Fishing Ship |
| 19:04 | Create | Fishing Ship |
| 19:05 | Create | Fishing Ship |
| 19:27 | Build | Fish Trap |
| 19:41 | Build | Fish Trap |
| 19:48 | Build | Fish Trap |
| 19:58 | Build | Fish Trap |
| 20:06 | Create | Villager (Male) |
| 20:06 | Create | Villager (Male) |
| 20:07 | Create | Villager (Male) |
| 20:07 | Create | Villager (Male) |
| 20:17 | Age | Castle Age |
| 20:34 | Build | Town Center |
| 20:46 | Build | Fish Trap |
| 21:24 | Build | Castle |
| 21:32 | Create | Villager (Male) |
| 21:32 | Create | Villager (Male) |
| 21:32 | Create | Villager (Male) |
| 21:32 | Create | Villager (Male) |
| 21:33 | Create | Villager (Male) |
| 21:33 | Create | Villager (Male) |
| 21:33 | Create | Villager (Male) |
| 21:38 | Build | Fish Trap |
| 22:02 | Build | Farm |
| 22:05 | Create | Villager (Male) |
| 22:05 | Create | Villager (Male) |
| 22:06 | Create | Villager (Male) |
| 22:06 | Create | Villager (Male) |
| 22:06 | Create | Villager (Male) |
| 22:17 | Build | Stone Wall |
| 22:26 | Build | Mining Camp |
| 22:42 | Build | Stone Wall |
| 22:50 | Build | Fish Trap |
| 22:54 | Create | Villager (Male) |
| 22:55 | Create | Villager (Male) |
Build order — nicoobosc0
First 150 of 486 actions detected
| 0:07 | Create | Villager (Male) |
| 0:07 | Create | Villager (Male) |
| 0:07 | Create | Villager (Male) |
| 0:08 | Create | Villager (Male) |
| 0:08 | Create | Villager (Male) |
| 1:28 | Create | Villager (Male) |
| 1:28 | Create | Villager (Male) |
| 2:46 | Create | Villager (Male) |
| 2:47 | Create | Villager (Male) |
| 2:47 | Create | Villager (Male) |
| 3:30 | Create | Villager (Male) |
| 3:30 | Create | Villager (Male) |
| 4:04 | Create | Villager (Male) |
| 4:04 | Create | Villager (Male) |
| 4:33 | Create | Villager (Male) |
| 5:16 | Build | Mill |
| 5:35 | Create | Villager (Male) |
| 5:35 | Create | Villager (Male) |
| 5:36 | Create | Villager (Male) |
| 5:37 | Create | Villager (Male) |
| 6:19 | Research | Loom |
| 6:58 | Create | Villager (Male) |
| 6:58 | Create | Villager (Male) |
| 7:40 | Build | Lumber Camp |
| 8:00 | Build | Palisade Wall |
| 8:17 | Create | Villager (Male) |
| 8:57 | Research | Feudal Age |
| 8:57 | Research | Feudal Age |
| 9:02 | Build | Palisade Wall |
| 9:05 | Research | Loom |
| 9:32 | Build | Mining Camp |
| 9:39 | Create | Villager (Male) |
| 9:39 | Create | Villager (Male) |
| 10:46 | Create | Villager (Male) |
| 11:14 | Create | Villager (Male) |
| 11:14 | Create | Villager (Male) |
| 11:14 | Create | Villager (Male) |
| 11:15 | Create | Villager (Male) |
| 11:33 | Build | Farm |
| 11:36 | Build | Farm |
| 11:37 | Build | Farm |
| 11:59 | Build | Farm |
| 12:03 | Research | Horse Collar |
| 12:09 | Build | Mining Camp |
| 12:28 | Build | Farm |
| 13:08 | Build | Farm |
| 13:14 | Build | Farm |
| 13:21 | Create | Villager (Male) |
| 13:22 | Create | Villager (Male) |
| 13:22 | Create | Villager (Male) |
| 13:22 | Create | Villager (Male) |
| 13:40 | Build | Farm |
| 14:05 | Build | Farm |
| 15:13 | Build | Mill |
| 15:25 | Research | Loom |
| 15:28 | Research | Double-Bit Axe |
| 15:45 | Build | Farm |
| 15:47 | Create | Villager (Male) |
| 15:47 | Create | Villager (Male) |
| 15:47 | Create | Villager (Male) |
| 16:08 | Research | Wheelbarrow |
| 16:08 | Research | Town Watch |
| 16:18 | Build | Farm |
| 16:35 | Research | Gold Mining |
| 16:41 | Build | Farm |
| 17:09 | Build | Farm |
| 17:28 | Create | Villager (Male) |
| 17:28 | Create | Villager (Male) |
| 17:30 | Create | Villager (Male) |
| 18:17 | Research | Gold Mining |
| 18:18 | Research | Stone Mining |
| 19:13 | Build | Farm |
| 19:22 | Create | Villager (Male) |
| 19:22 | Create | Villager (Male) |
| 19:23 | Create | Villager (Male) |
| 19:33 | Build | Barracks |
| 19:51 | Build | Mining Camp |
| 19:56 | Build | Mining Camp |
| 20:40 | Build | Stable |
| 20:41 | Build | Stable |
| 20:53 | Create | Villager (Male) |
| 20:53 | Create | Villager (Male) |
| 20:54 | Create | Villager (Male) |
| 20:54 | Create | Villager (Male) |
| 21:41 | Build | Barracks |
| 21:42 | Build | Barracks |
| 21:55 | Research | Man-at-Arms (upgrade) |
| 21:55 | Create | Militia |
| 21:55 | Create | Militia |
| 21:57 | Create | Militia |
| 21:57 | Create | Militia |
| 21:57 | Create | Militia |
| 22:12 | Build | Blacksmith |
| 22:31 | Create | Scout Cavalry |
| 22:31 | Create | Scout Cavalry |
| 22:32 | Create | Scout Cavalry |
| 22:32 | Create | Scout Cavalry |
| 22:33 | Create | Scout Cavalry |
| 22:34 | Create | Scout Cavalry |
| 22:34 | Create | Scout Cavalry |
| 23:08 | Research | Castle Age |
| 23:33 | Build | Farm |
| 23:53 | Create | Militia |
| 23:54 | Create | Militia |
| 23:54 | Create | Militia |
| 23:54 | Create | Militia |
| 23:54 | Create | Militia |
| 23:55 | Create | Militia |
| 25:13 | Research | Bloodlines |
| 25:15 | Research | Scale Barding Armor |
| 25:41 | Build | Market |
| 25:51 | Build | Town Center |
| 25:59 | Research | Long Swordsman (upgrade) |
| 26:03 | Research | Light Cavalry (upgrade) |
| 26:03 | Research | Husbandry |
| 26:12 | Create | Villager (Male) |
| 26:12 | Create | Villager (Male) |
| 26:13 | Create | Villager (Male) |
| 26:13 | Create | Villager (Male) |
| 26:13 | Create | Villager (Male) |
| 26:58 | Research | Forging |
| 27:00 | Create | Villager (Male) |
| 27:00 | Create | Villager (Male) |
| 27:02 | Build | Farm |
| 27:07 | Build | Farm |
| 27:34 | Build | Farm |
| 27:58 | Create | Villager (Male) |
| 27:58 | Create | Villager (Male) |
| 27:59 | Create | Villager (Male) |
| 27:59 | Create | Villager (Male) |
| 27:59 | Create | Villager (Male) |
| 28:00 | Create | Villager (Male) |
| 28:00 | Create | Villager (Male) |
| 28:11 | Build | Castle |
| 28:13 | Build | Farm |
| 28:21 | Build | Farm |
| 28:28 | Create | Villager (Male) |
| 28:38 | Research | Chain Barding Armor |
| 28:43 | Create | Villager (Male) |
| 29:08 | Research | Squires |
| 29:21 | Research | Padded Archer Armor |
| 29:21 | Research | Fletching |
| 29:33 | Build | Farm |
| 29:39 | Build | Farm |
| 29:41 | Create | Villager (Male) |
| 29:41 | Create | Villager (Male) |
| 29:57 | Research | Heavy Plow |
| 30:20 | Research | Bow Saw |
| 30:34 | Create | Villager (Male) |
| 30:34 | Create | Villager (Male) |
Build order — еврей
First 150 of 293 actions detected
| 0:05 | Create | Villager (Male) |
| 0:06 | Create | Villager (Male) |
| 0:06 | Create | Villager (Male) |
| 0:06 | Create | Villager (Male) |
| 0:07 | Create | Villager (Male) |
| 0:13 | Build | House |
| 1:01 | Build | House |
| 1:02 | Build | House |
| 1:24 | Create | Villager (Male) |
| 1:25 | Create | Villager (Male) |
| 1:50 | Build | Lumber Camp |
| 2:03 | Create | Villager (Male) |
| 3:21 | Build | Palisade Wall |
| 4:02 | Create | Villager (Male) |
| 4:02 | Create | Villager (Male) |
| 4:02 | Create | Villager (Male) |
| 4:02 | Create | Villager (Male) |
| 4:02 | Create | Villager (Male) |
| 5:53 | Create | Villager (Male) |
| 5:54 | Create | Villager (Male) |
| 5:54 | Create | Villager (Male) |
| 5:54 | Create | Villager (Male) |
| 6:25 | Build | Mill |
| 6:56 | Create | Villager (Male) |
| 6:56 | Create | Villager (Male) |
| 6:56 | Create | Villager (Male) |
| 7:43 | Create | Villager (Male) |
| 7:43 | Create | Villager (Male) |
| 8:38 | Create | Villager (Male) |
| 10:07 | Research | Feudal Age |
| 10:32 | Build | House |
| 10:41 | Build | Palisade Wall |
| 11:12 | Create | Villager (Male) |
| 11:12 | Create | Villager (Male) |
| 11:47 | Build | House |
| 11:49 | Build | House |
| 11:52 | Build | House |
| 12:17 | Age | Feudal Age |
| 12:18 | Build | Farm |
| 12:20 | Build | Farm |
| 12:23 | Research | Double-Bit Axe |
| 12:26 | Build | Farm |
| 12:27 | Build | Farm |
| 12:38 | Build | Farm |
| 12:52 | Build | Barracks |
| 13:02 | Build | Farm |
| 13:21 | Build | Mining Camp |
| 13:26 | Create | Villager (Male) |
| 13:26 | Create | Villager (Male) |
| 13:26 | Create | Villager (Male) |
| 13:26 | Create | Villager (Male) |
| 13:27 | Create | Villager (Male) |
| 13:27 | Create | Villager (Male) |
| 13:49 | Build | Market |
| 14:12 | Build | Stable |
| 14:40 | Build | Mining Camp |
| 15:36 | Create | Spearman |
| 15:36 | Create | Spearman |
| 15:37 | Create | Spearman |
| 15:46 | Create | Spearman |
| 15:58 | Create | Villager (Male) |
| 15:58 | Create | Villager (Male) |
| 15:59 | Create | Villager (Male) |
| 15:59 | Create | Villager (Male) |
| 16:00 | Create | Villager (Male) |
| 16:14 | Build | Farm |
| 16:17 | Build | Farm |
| 16:19 | Build | Farm |
| 16:23 | Build | Farm |
| 16:31 | Build | Farm |
| 16:59 | Build | Farm |
| 17:18 | Research | Horse Collar |
| 17:29 | Build | Farm |
| 18:06 | Build | Blacksmith |
| 18:32 | Research | Castle Age |
| 18:53 | Build | Dock |
| 19:23 | Create | Trade Cart |
| 20:01 | Build | House |
| 20:02 | Build | House |
| 21:12 | Age | Castle Age |
| 21:36 | Build | Town Center |
| 21:39 | Create | Villager (Male) ×5 |
| 21:39 | Create | Villager (Male) ×5 |
| 21:39 | Create | Villager (Male) ×5 |
| 21:40 | Create | Villager (Male) ×5 |
| 22:12 | Build | Palisade Gate |
| 22:34 | Create | Knight |
| 22:35 | Create | Knight |
| 22:35 | Create | Knight |
| 22:40 | Create | Knight |
| 23:23 | Build | Farm |
| 23:31 | Research | Wheelbarrow |
| 23:32 | Research | Loom |
| 23:33 | Create | Villager (Male) ×2 |
| 24:17 | Research | Bloodlines |
| 24:31 | Create | Villager (Male) |
| 24:31 | Create | Villager (Male) |
| 24:32 | Create | Villager (Male) |
| 25:33 | Build | Castle |
| 25:37 | Create | Villager (Male) |
| 25:37 | Create | Villager (Male) |
| 25:37 | Create | Villager (Male) |
| 25:54 | Build | House |
| 25:57 | Build | House |
| 26:05 | Create | Fishing Ship |
| 26:14 | Research | Heavy Plow |
| 26:16 | Research | Bow Saw |
| 27:09 | Research | Husbandry |
| 27:10 | Research | Light Cavalry (upgrade) |
| 28:25 | Build | Monastery |
| 28:28 | Create | Conquistador ×5 |
| 28:29 | Create | Conquistador ×5 |
| 28:37 | Build | Farm |
| 28:40 | Build | Farm |
| 28:42 | Build | Farm |
| 28:47 | Create | Villager (Male) |
| 28:47 | Create | Villager (Male) |
| 29:41 | Create | Trade Cart |
| 29:41 | Create | Trade Cart |
| 29:43 | Create | Trade Cart |
| 29:44 | Create | Trade Cart |
| 29:46 | Research | Caravan |
| 29:47 | Create | Trade Cart |
| 29:47 | Create | Trade Cart |
| 29:55 | Build | Mining Camp |
| 30:02 | Create | Monk |
| 30:02 | Create | Monk |
| 30:12 | Build | Mining Camp |
| 30:14 | Create | Villager (Male) |
| 30:15 | Create | Villager (Male) |
| 30:15 | Create | Villager (Male) |
| 30:15 | Create | Villager (Male) |
| 30:15 | Create | Villager (Male) |
| 30:20 | Create | Villager (Male) |
| 30:20 | Create | Villager (Male) |
| 30:20 | Create | Villager (Male) |
| 30:31 | Build | House |
| 30:32 | Build | House |
| 30:34 | Build | House |
| 30:35 | Build | House |
| 30:40 | Build | House |
| 30:45 | Create | Conquistador |
| 30:45 | Create | Conquistador |
| 30:45 | Create | Conquistador |
| 30:56 | Research | Gold Mining |
| 32:10 | Create | Fishing Ship |
| 32:24 | Create | Conquistador ×5 |
| 32:24 | Create | Conquistador ×2 |
| 33:17 | Build | Castle |
| 33:23 | Create | Villager (Male) |
Build order — mypastselves
First 150 of 328 actions detected
| 0:00 | Create | Villager (Male) |
| 0:01 | Create | Villager (Male) |
| 0:01 | Create | Villager (Male) |
| 0:02 | Create | Villager (Male) |
| 0:02 | Create | Villager (Male) |
| 0:02 | Create | Villager (Male) |
| 0:04 | Build | House |
| 0:05 | Build | House |
| 1:30 | Create | Villager (Male) |
| 1:52 | Create | Villager (Male) |
| 2:24 | Create | Villager (Male) |
| 2:24 | Create | Villager (Male) |
| 3:05 | Create | Villager (Male) |
| 3:06 | Create | Villager (Male) |
| 3:06 | Create | Villager (Male) |
| 3:30 | Create | Villager (Male) |
| 4:25 | Create | Villager (Male) |
| 4:25 | Create | Villager (Male) |
| 4:25 | Create | Villager (Male) |
| 4:26 | Create | Villager (Male) |
| 4:28 | Build | House |
| 4:29 | Build | House |
| 6:17 | Build | Lumber Camp |
| 7:02 | Create | Villager (Male) |
| 7:03 | Create | Villager (Male) |
| 7:37 | Build | Mill |
| 8:07 | Research | Feudal Age |
| 9:06 | Build | Mining Camp |
| 10:17 | Age | Feudal Age |
| 10:18 | Build | Barracks |
| 10:24 | Research | Double-Bit Axe |
| 10:38 | Create | Villager (Male) |
| 10:39 | Create | Villager (Male) |
| 10:39 | Create | Villager (Male) |
| 10:40 | Create | Villager (Male) |
| 11:21 | Build | Archery Range |
| 11:35 | Create | Villager (Male) |
| 11:36 | Create | Villager (Male) |
| 11:38 | Create | Villager (Male) |
| 11:38 | Create | Villager (Male) |
| 11:39 | Create | Villager (Male) |
| 11:53 | Build | Farm |
| 12:20 | Build | Blacksmith |
| 12:54 | Create | Archer |
| 12:55 | Create | Archer |
| 12:56 | Create | Archer |
| 12:56 | Create | Archer |
| 13:01 | Build | House |
| 13:02 | Build | House |
| 13:03 | Build | House |
| 13:07 | Build | House |
| 13:09 | Build | House |
| 13:27 | Create | Archer |
| 13:28 | Create | Archer |
| 13:57 | Build | Farm |
| 14:03 | Research | Horse Collar |
| 14:18 | Research | Gold Mining |
| 14:53 | Build | Farm |
| 14:59 | Build | Mining Camp |
| 15:22 | Build | Farm |
| 15:35 | Build | Farm |
| 15:51 | Build | Farm |
| 16:00 | Build | Farm |
| 16:21 | Create | Villager (Male) |
| 16:22 | Create | Villager (Male) |
| 16:22 | Create | Villager (Male) |
| 16:22 | Create | Villager (Male) |
| 16:23 | Create | Villager (Male) |
| 16:49 | Build | Farm |
| 17:15 | Build | Market |
| 17:27 | Research | Fletching |
| 17:36 | Build | Farm |
| 17:44 | Build | Farm |
| 18:02 | Create | Archer |
| 18:02 | Create | Archer |
| 18:03 | Create | Archer |
| 18:03 | Create | Archer |
| 18:18 | Research | Padded Archer Armor |
| 18:31 | Research | Stone Mining |
| 19:34 | Build | Archery Range |
| 20:50 | Research | Castle Age |
| 21:31 | Create | Archer |
| 21:31 | Create | Archer |
| 21:31 | Create | Archer |
| 21:31 | Create | Archer |
| 21:32 | Create | Archer |
| 21:33 | Create | Archer |
| 21:33 | Create | Archer |
| 21:33 | Create | Archer |
| 21:33 | Create | Archer |
| 21:34 | Create | Archer |
| 21:36 | Create | Archer |
| 23:30 | Age | Castle Age |
| 23:31 | Research | Crossbowman (upgrade) |
| 23:32 | Research | Thumb Ring |
| 23:34 | Research | Leather Archer Armor |
| 23:39 | Build | House |
| 23:40 | Build | House |
| 23:41 | Build | House |
| 23:42 | Build | House |
| 23:56 | Build | Castle |
| 24:37 | Build | Stable |
| 24:40 | Build | Stable |
| 24:54 | Research | Bow Saw |
| 24:59 | Build | Lumber Camp |
| 25:08 | Build | Farm |
| 25:43 | Build | University |
| 26:49 | Build | Mining Camp |
| 27:09 | Research | Heavy Plow |
| 28:29 | Research | Bodkin Arrow |
| 28:34 | Research | Gold Shaft Mining |
| 28:36 | Research | Stone Shaft Mining |
| 29:02 | Create | Villager (Male) |
| 29:02 | Create | Villager (Male) |
| 29:03 | Create | Villager (Male) |
| 29:03 | Create | Villager (Male) |
| 29:03 | Create | Villager (Male) |
| 29:31 | Build | Monastery |
| 31:02 | Research | Heated Shot |
| 31:10 | Create | Monk |
| 31:49 | Create | Archer |
| 31:49 | Create | Archer |
| 31:52 | Create | Archer |
| 31:52 | Create | Archer |
| 32:40 | Research | Ballistics |
| 32:44 | Research | Imperial Age |
| 33:44 | Research | Forging |
| 33:49 | Research | Squires |
| 34:09 | Research | Scale Barding Armor |
| 34:19 | Research | Husbandry |
| 34:19 | Create | Knight |
| 34:20 | Create | Knight |
| 34:20 | Create | Knight |
| 34:34 | Create | Knight |
| 34:34 | Create | Knight |
| 34:34 | Create | Knight |
| 34:35 | Create | Knight |
| 34:35 | Create | Knight |
| 34:35 | Create | Knight |
| 34:43 | Build | Farm |
| 34:48 | Build | Farm |
| 34:54 | Build | Farm |
| 35:03 | Build | Farm |
| 35:07 | Create | Villager (Male) |
| 35:07 | Create | Villager (Male) |
| 35:20 | Build | House |
| 35:22 | Build | House |
| 35:24 | Build | House |
| 35:29 | Create | Knight |
| 35:30 | Create | Knight |
Build order — AfriKing
First 150 of 404 actions detected
| 0:01 | Create | Villager (Male) |
| 0:02 | Create | Villager (Male) |
| 0:02 | Create | Villager (Male) |
| 0:03 | Build | House |
| 0:06 | Build | House |
| 0:40 | Create | Villager (Male) |
| 0:40 | Create | Villager (Male) |
| 0:41 | Research | Loom |
| 0:41 | Research | Loom |
| 2:04 | Create | Villager (Male) |
| 2:05 | Create | Villager (Male) |
| 2:33 | Create | Villager (Male) |
| 2:34 | Create | Villager (Male) |
| 3:02 | Create | Villager (Male) |
| 3:02 | Create | Villager (Male) |
| 3:17 | Create | Villager (Male) |
| 3:18 | Create | Villager (Male) |
| 3:30 | Create | Villager (Male) |
| 3:30 | Create | Villager (Male) |
| 3:50 | Build | House |
| 3:54 | Build | House |
| 3:58 | Create | Villager (Male) |
| 3:59 | Create | Villager (Male) |
| 4:18 | Create | Villager (Male) |
| 4:42 | Create | Villager (Male) |
| 5:01 | Build | House |
| 5:03 | Create | Villager (Male) |
| 5:43 | Create | Villager (Male) |
| 5:44 | Create | Villager (Male) |
| 6:07 | Build | Lumber Camp |
| 6:16 | Create | Villager (Male) |
| 6:17 | Create | Villager (Male) |
| 7:56 | Create | Villager (Male) |
| 7:56 | Create | Villager (Male) |
| 7:57 | Create | Villager (Male) |
| 7:57 | Create | Villager (Male) |
| 8:47 | Build | Barracks |
| 9:00 | Build | Mill |
| 9:07 | Build | Mill |
| 9:14 | Create | Villager (Male) |
| 9:14 | Create | Villager (Male) |
| 9:32 | Build | Dock |
| 9:58 | Build | House |
| 10:14 | Build | Mining Camp |
| 10:53 | Create | Villager (Male) |
| 11:14 | Build | Barracks |
| 11:29 | Research | Feudal Age |
| 11:37 | Create | Militia |
| 12:11 | Create | Militia |
| 12:15 | Create | Militia |
| 12:41 | Create | Villager (Male) |
| 12:44 | Create | Fishing Ship |
| 12:56 | Create | Militia |
| 12:58 | Create | Militia |
| 13:00 | Create | Militia |
| 13:14 | Build | House |
| 13:16 | Build | House |
| 13:23 | Create | Villager (Male) |
| 13:39 | Age | Feudal Age |
| 13:40 | Create | Militia |
| 13:51 | Create | Villager (Male) |
| 13:57 | Research | Double-Bit Axe |
| 13:58 | Research | Horse Collar |
| 14:03 | Build | House |
| 14:04 | Build | House |
| 14:04 | Build | House |
| 14:06 | Build | House |
| 14:19 | Create | Spearman |
| 14:24 | Create | Militia |
| 14:24 | Create | Militia |
| 14:45 | Create | Militia |
| 14:45 | Create | Militia |
| 15:20 | Build | Lumber Camp |
| 15:27 | Create | Militia |
| 15:41 | Build | Blacksmith |
| 15:45 | Create | Villager (Male) |
| 15:58 | Build | House |
| 16:00 | Create | Militia |
| 16:08 | Create | Villager (Male) |
| 16:45 | Build | Farm |
| 16:50 | Research | Arson |
| 16:53 | Create | Militia |
| 16:54 | Create | Militia |
| 17:01 | Build | Farm |
| 17:02 | Build | Farm |
| 17:03 | Build | Farm |
| 17:17 | Build | House |
| 17:20 | Create | Militia |
| 17:33 | Create | Villager (Male) |
| 17:33 | Create | Villager (Male) |
| 17:48 | Build | House |
| 18:00 | Build | Stable |
| 18:03 | Create | Militia |
| 18:04 | Create | Militia |
| 18:13 | Build | House |
| 18:14 | Build | House |
| 18:14 | Build | House |
| 18:15 | Build | House |
| 18:16 | Build | House |
| 18:17 | Build | House |
| 18:21 | Create | Villager (Male) |
| 18:22 | Create | Villager (Male) |
| 18:28 | Build | Farm |
| 18:30 | Build | Farm |
| 18:31 | Build | Farm |
| 18:32 | Build | Farm |
| 18:33 | Build | Farm |
| 18:35 | Build | Farm |
| 18:56 | Research | Forging |
| 19:12 | Build | Farm |
| 19:15 | Create | Villager (Male) |
| 19:15 | Create | Villager (Male) |
| 20:00 | Research | Scale Mail Armor |
| 20:03 | Create | Militia |
| 20:03 | Create | Militia |
| 20:10 | Create | Militia |
| 20:16 | Create | Villager (Male) |
| 20:16 | Create | Villager (Male) |
| 20:47 | Create | Villager (Male) |
| 20:50 | Build | Farm |
| 21:08 | Create | Villager (Male) |
| 21:11 | Create | Villager (Male) |
| 21:28 | Build | Barracks |
| 21:29 | Build | Barracks |
| 21:31 | Create | Villager (Male) |
| 21:43 | Build | Farm |
| 21:44 | Build | Farm |
| 21:47 | Create | Villager (Male) |
| 22:08 | Create | Villager (Male) |
| 22:14 | Build | Farm |
| 22:16 | Build | Farm |
| 22:35 | Build | House |
| 22:44 | Build | Fish Trap |
| 22:47 | Build | Farm |
| 22:50 | Build | Farm |
| 23:14 | Build | Farm |
| 23:40 | Build | Farm |
| 23:55 | Build | Market |
| 24:02 | Build | Market |
| 24:06 | Research | Castle Age |
| 24:11 | Research | Scale Barding Armor |
| 24:14 | Build | House |
| 24:15 | Build | House |
| 24:25 | Research | Bloodlines |
| 24:29 | Create | Militia ×5 |
| 24:29 | Create | Militia ×5 |
| 24:53 | Create | Spearman ×5 |
| 24:53 | Create | Spearman ×5 |
| 25:22 | Build | Stone Wall |
| 25:32 | Build | House |
Match timeline
| 1:35 | Windland · wall_segment Palisade Wall x11 |
| 2:23 | lisandroarce22 · wall_segment Palisade Wall x9 |
| 3:21 | еврей · wall_segment Palisade Wall x10 |
| 7:02 | lisandroarce22 · first_building Dock |
| 8:00 | nicoobosc0 · wall_segment Palisade Wall x5 |
| 8:32 | lisandroarce22 · wall_segment Palisade Wall x1 |
| 8:47 | AfriKing · first_building Barracks |
| 9:02 | nicoobosc0 · wall_segment Palisade Wall x1 |
| 9:16 | lisandroarce22 · wall_segment Palisade Wall x1 |
| 9:32 | AfriKing · first_building Dock |
| 10:17 | mypastselves · age_up feudal |
| 10:18 | mypastselves · first_building Barracks |
| 10:41 | еврей · wall_segment Palisade Wall x10 |
| 10:50 | lisandroarce22 · age_up feudal |
| 11:21 | mypastselves · first_building Archery Range |
| 12:17 | еврей · age_up feudal |
| 12:40 | Windland · age_up feudal |
| 12:52 | еврей · first_building Barracks |
| 13:08 | lisandroarce22 · wall_segment Stone Wall x11 |
| 13:39 | AfriKing · age_up feudal |
| 14:12 | еврей · first_building Stable |
| 15:22 | Windland · first_building Barracks |
| 16:58 | Windland · first_building Dock |
| 18:00 | AfriKing · first_building Stable |
| 18:53 | еврей · first_building Dock |
| 19:33 | nicoobosc0 · first_building Barracks |
| 19:47 | Windland · wall_segment Stone Wall x11 |
| 20:17 | lisandroarce22 · age_up castle |
| 20:40 | nicoobosc0 · first_building Stable |
| 21:11 | lisandroarce22 · first_market_sell 100 food |
| 21:12 | еврей · age_up castle |
| 21:14 | lisandroarce22 · first_market_buy 100 stone |
| 21:24 | lisandroarce22 · first_building Castle |
| 22:17 | lisandroarce22 · wall_segment Stone Wall x4 |
| 22:40 | Windland · first_building Archery Range |
| 22:42 | lisandroarce22 · wall_segment Stone Wall x4 |
| 23:30 | mypastselves · age_up castle |
| 23:32 | lisandroarce22 · wall_segment Stone Wall x3 |
| 23:42 | Windland · wall_segment Stone Wall x12 |
| 23:46 | Windland · age_up castle |
| 23:48 | Windland · wall_segment Stone Wall x1 |
| 23:56 | mypastselves · first_building Castle |
| 24:05 | Windland · tribute_sent a jugador 1 |
| 24:05 | Windland · tribute_sent a jugador 2 |
| 24:05 | Windland · tribute_sent a jugador 3 |
| 24:05 | Windland · tribute_sent a jugador 5 |
| 24:05 | Windland · tribute_sent a jugador 6 |
| 24:37 | mypastselves · first_building Stable |
| 24:48 | mypastselves · first_market_sell 100 stone |
| 24:51 | mypastselves · first_market_buy 100 wood |
| 25:22 | AfriKing · wall_segment Stone Wall x8 |
| 25:33 | еврей · first_building Castle |
| 26:46 | AfriKing · age_up castle |
| 27:47 | Windland · wall_segment Stone Wall x11 |
| 28:11 | nicoobosc0 · first_building Castle |
| 28:25 | еврей · first_building Monastery |
| 28:26 | lisandroarce22 · first_building Barracks |
| 29:19 | lisandroarce22 · first_building Monastery |
| 29:31 | mypastselves · first_building Monastery |
| 30:59 | nicoobosc0 · first_building Archery Range |
| 33:35 | lisandroarce22 · first_building Siege Workshop |
| 34:12 | lisandroarce22 · first_building Stable |
| 34:59 | еврей · first_market_sell 100 wood |
| 35:24 | lisandroarce22 · age_up imperial |
| 35:39 | nicoobosc0 · first_building Monastery |
| 35:54 | mypastselves · age_up imperial |
| 36:32 | mypastselves · first_building Siege Workshop |
| 36:39 | еврей · first_building Siege Workshop |
| 36:55 | Windland · first_building Castle |
| 37:39 | Windland · first_building Monastery |
| 38:55 | еврей · age_up imperial |
| 38:57 | AfriKing · first_building Castle |
| 40:04 | AfriKing · first_market_buy 100 food |
| 40:57 | Windland · wall_segment Stone Wall x10 |
| 42:41 | AfriKing · first_building Siege Workshop |
| 43:39 | AfriKing · first_building Krepost |
| 43:45 | AfriKing · age_up imperial |
| 44:14 | Windland · wall_segment Stone Wall x17 |
| 44:26 | nicoobosc0 · first_building Siege Workshop |
| 45:06 | Windland · age_up imperial |
| 49:41 | Windland · wall_segment Stone Wall x7 |
| 51:21 | AfriKing · first_market_sell 500 wood |
| 51:55 | Windland · wall_segment Stone Wall x2 |
| 53:02 | Windland · wall_segment Stone Wall x1 |
| 53:17 | Windland · wall_segment Stone Wall x1 |
| 54:07 | AfriKing · resign |
[ AI ANALYSIS · 1 CREDIT ]
What really happened in this match?
Wolo.gg analyzes every decision: build order, eco, micro, common mistakes by bracket. Personalized analysis on WhatsApp or Discord in 30 seconds.
Civ guide
Britons
Perfil
Jugador #9601097